 Dungeon Crawl Stone Soup version 0.31.0-32-g396128a36d (webtiles) character file.

Game seed: 4814380208407475008

325 Chilbo the Changeling (level 6, -7/46 (47) HPs)
             Began as a Draconian Shapeshifter on Apr 21, 2024.
             Was an Initiate of Gozag.
             Mangled by Crazy Yiuf
             ... wielding a +4 quarterstaff of chaos
              (13 damage)
             ... on level 4 of the Dungeon.
             The game lasted 00:30:57 (2933 turns).

Chilbo the Changeling (Draconian Shapeshifter)      Turns: 2933, Time: 00:30:58

HP:   -7/46 (47)    AC:  6    Str: 17    XL:     6   Next: 24%
MP:   6/6           EV: 12    Int: 16    God:    Gozag
Gold: 95            SH:  0    Dex: 12    Spells: 5/5 levels left

rFire   . .          .
                       - Unarmed
rCold   . . .        (no shield)
rNeg    . . .        (body armour unavailable)
rPois   .            (helmet currently unavailable)
rElec   .            (cloak currently unavailable)
rCorr   .            (gloves currently unavailable)
SInv    +            (boots currently unavailable)
Will    .....        (no amulet)
Stlth   +            d - +6 ring of intelligence
HPRegen 0.27/turn    r - ring of see invisible
MPRegen 0.10/turn

%: no passive effects
@: lethally poisoned (-7 -> -9), beast-form, lightly drained
A: beast (slay +3), AC +6, unfitting armour, cold-blooded
a: Begin Untransformation, Renounce Religion, Potion Petition, Call Merchant,
Bribe Branch


You were on level 4 of the Dungeon.
You worshipped Gozag.
Gozag was noncommittal.
You were a hulking beast.
You visited 1 branch of the dungeon, and saw 4 of its levels.

You collected 321 gold pieces.
You spent 123 gold pieces at shops.
You paid 103 gold pieces to Gozag.

Inventory:

Missiles
 i - 2 atropa-tipped darts (quivered)
Jewellery
 d - a +6 ring of intelligence (left hand)
 q - a ring of fire
 r - a ring of see invisible (right hand)
Talismans
 b - a beast talisman
 c - a flux talisman
Wands
 h - a wand of digging (4)
Scrolls
 e - 2 scrolls of fog {unknown}
 g - a scroll of enchant weapon {unknown}
 j - a scroll of torment {unknown}
 k - a scroll of immolation
 m - 6 scrolls of identify
 n - 2 scrolls of teleportation {unknown}
 o - 2 scrolls of blinking
 u - 2 scrolls of noise {unknown}
Potions
 a - a potion of lignification
 f - a potion of heal wounds {unknown}
 l - a potion of enlightenment {unknown}
 p - a potion of degeneration {unknown}
 s - a potion of curing {unknown}
 t - a potion of attraction {unknown}


   Skills:
 - Level 1.3 Fighting
 - Level 1.7 Dodging
 - Level 0.1 Stealth
 + Level 5.0 Unarmed Combat
 * Level 5.3 Shapeshifting


You had 5 spell levels left.
You didn't know any spells.
Your spell library contained the following spells:

 Spells                   Type           Power      Damage    Failure   Level
 Shock                    Conj/Air       0%         1d3       26%         1
 Lesser Beckoning         Tloc           0%         N/A       36%         2
 Mercury Vapours          Alch/Air       0%         N/A       36%         2
 Gell's Gravitas          Tloc           0%         N/A       58%         3
 Mephitic Cloud           Conj/Alch/Air  0%         N/A       58%         3
 Swiftness                Air            0%         N/A       58%         3
 Teleport Other           Tloc           0%         N/A       58%         3
 Airstrike                Air            0%         2d(0-16)  94%         4
 Anguish                  Hex/Necr       0%         N/A       94%         4
 Cause Fear               Hex            0%         N/A       94%         4
 Freezing Cloud           Conj/Ice/Air   0%         6-21      100%        5
 Enfeeble                 Hex            0%         N/A       100%        7


Dungeon Overview and Level Annotations

Branches:
Dungeon (4/15)
 Temple: D:4-7

Altars:
Gozag

Shops:
D:2 ?

Annotations:
D:4 Crazy Yiuf


Innate Abilities, Weirdness & Mutations

You are a hulking beast.
Your limbs bulge with bestial killing power. (Slay +3)
Your plain brown scales are hard. (AC +6)
You cannot fit into any form of body armour.
You are cold-blooded and may be slowed by cold attacks.


Message History

Found a stone staircase leading down.
Found a hammer.
Found a runed translucent door.
Crazy Yiuf shouts!
You open the door.
Crazy Yiuf screams, "Fire!"
You completely miss Crazy Yiuf. Crazy Yiuf barely misses you.
You hit Crazy Yiuf.
Your tail-slap misses Crazy Yiuf.
Crazy Yiuf is moderately wounded.
Crazy Yiuf hits you with a +4 quarterstaff of chaos!
Crazy Yiuf burns you.
You hit Crazy Yiuf.
Crazy Yiuf is moderately wounded.
Crazy Yiuf misses you.
You barely miss Crazy Yiuf.
Your tail-slap misses Crazy Yiuf.
Crazy Yiuf is moderately wounded.
Crazy Yiuf hits you with a +4 quarterstaff of chaos.
You are confused.
You bump into the tree.
Crazy Yiuf hits you with a +4 quarterstaff of chaos.
You are poisoned.
You bump into the tree.
You feel very sick. Crazy Yiuf closely misses you.
You bump into the tree.
You feel sick.
Crazy Yiuf grits, "Key tea sow!"
Crazy Yiuf hits you with a +4 quarterstaff of chaos.
You feel drained.
You bump into the tree.
You feel sick.
Crazy Yiuf hits you with a +4 quarterstaff of chaos!
* * * LOW HITPOINT WARNING * * *
You feel yourself slow down. Crazy Yiuf freezes you.
* * * LOW HITPOINT WARNING * * *
Unknown command.
You feel sick.
You bump into the tree.
You feel yourself speed up.
You feel less confused.
You feel sick.
Crazy Yiuf hits you with a +4 quarterstaff of chaos!
You die...
Your body crumbles into a pile of gold.

##...######
#...###
#.........#
#......
#....####.#
#......
#....# #.#
##.####
♣....♣ #.#
#.# # ♣♣...♣
##.# #.# #
♣♣.♣♣ #..#
##.#### ♣♣.♣
##.# #......
♣h♣♣ #.#
#..#### ♣♣g♣
#.# #..# ♣.♣♣
##.## #..####
#'#
#...###......
...
#............
#...#
#..>####.####
#)..# ##.##
#.#### #####
#.# #.##..
..# #.....


You could see Crazy Yiuf.

Vanquished Creatures
  A bombardier beetle (D:3)
  2 hounds (D:4)
  A sleepcap (D:4)
  An orc priest (D:3)
  An iguana (D:4)
  6 adders
  2 ribbon worms
  A dart slug (D:1)
  9 orcs
  6 bats
  2 endoplasms
  5 giant cockroaches
  6 goblins
  9 hobgoblins
  2 jackals (D:1)
  5 kobolds
  3 quokkas
  6 ball pythons
  2 frilled lizards
  4 rats
74 creatures vanquished.

Notes
Turn   | Place    | Note
-------+----------+-------------------------------------------
     0 | D:1      | Chilbo the Draconian Shapeshifter began the quest for the
                  | Orb.
     0 | D:1      | Reached XP level 1. HP: 16/16 MP: 1/1
    86 | D:1      | Found a faded altar of an unknown god.
   203 | D:1      | Reached XP level 2. HP: 21/23 MP: 2/2
   700 | D:2      | Reached XP level 3. HP: 25/28 MP: 3/3
  1001 | D:2      | Found Ittewuz's Magic Scroll Shoppe.
  1024 | D:2      | Bought a scroll of blinking for 97 gold pieces
  1024 | D:2      | Bought a scroll of identify for 26 gold pieces
  1881 | D:3      | Reached XP level 4. HP: 32/35 MP: 4/4
  2325 | D:3      | Reached XP level 5. HP: 40/40 MP: 5/5
  2595 | D:4      | Found an opulent altar of Gozag.
  2608 | D:4      | Reached skill level 5 in Shapeshifting
  2759 | D:4      | Reached XP level 6. HP: 30/47 MP: 6/6
  2806 | D:4      | Reached skill level 5 in Unarmed Combat
  2807 | D:4      | Became a worshipper of Gozag Ym Sagoz the Greedy
  2917 | D:4      | Found a runed translucent door.
  2918 | D:4      | Noticed Crazy Yiuf
  2933 | D:4      | Mangled by Crazy Yiuf

Illustrated notes

Levels and vault maps discovered:
D:1:      dpeg_arrival_round_c, layout_basic,
          hellmonk_ecumenical_altar_heavens_door, kennysheep_nondescript,
          hangedman_decor_points
D:2:      layout_basic, serial_forest, infiniplex_forest_straight_4,
          infiniplex_forest_lined_2, infiniplex_forest_clump_small,
          infiniplex_forest_lined_ring, serial_shops, nicolae_shop_stone
D:3:      layout_loops_corners, serial_glass, glass_columns_a, glass_columns_a,
          glass_columns_c, glass_columns_a, glass_columns_b, glass_columns_b,
          glass_columns_c, glass_columns_a, glass_columns_a, glass_columns_a,
          nicolae_half_adder
D:4:      layout_loops_ring, nicolae_gozag_seed_capital,
          serial_library_hellmonk_double_dead_end, uniq_crazy_yiuf_cottage

Skill      XL: |  1  2  3  4  5  6 |
---------------+-------------------+-----
Unarmed Combat | 4 5 |  5.0
Shapeshifting  | 4 5 |  5.3
Fighting       | |  1.3
Dodging        | |  1.7
Stealth        | |  0.1

Action                     |  1- 3 |  4- 6 || total
---------------------------+-------+-------++-------
  Melee: Unarmed           |   100 |   137 ||   237
         Tailslap          |    15 |    11 ||    26
         Punch             |     1 |     4 ||     5
  Throw: Dart              |     1 |       ||     1
    Use: Scroll            |     1 |       ||     1
 Armour: Skin              |    48 |    67 ||   115
  Dodge: Dodged            |    51 |    71 ||   122
